 Dungeon Crawl Stone Soup version 0.30-a0-918-g0ff054e9dc (webtiles) character file.

Game seed: 2466889814263238201

218 BigDaddyOpFi the Magician (level 5, -1/28 HPs)
             Began as a Deep Elf Earth Elementalist on Mar 19, 2023.
             Slain by an iguana (7 damage)
             ... on level 5 of the Dungeon on Mar 20, 2023.
             The game lasted 00:03:26 (2459 turns).

BigDaddyOpFi the Magician (DEEE)                    Turns: 2459, Time: 00:03:26

Health: -1/28      AC:  3    Str:  5    XL:     5   Next: 63%
Magic:  5/13       EV: 13    Int: 22    God:
Gold:   117        SH:  0    Dex: 15    Spells: 12/13 levels left

rFire   . . .      SeeInvis .    c - +0 hand axe
rCold   . . .      Faith    .    (no shield)
rNeg    . . .      Spirit   .    a - +1 robe
rPois   .          Reflect  .    o - +0 hat
rElec   .          Rampage  .    (no cloak)
rCorr   .                        (no gloves)
Will    +....                    (no boots)
Stlth   +++                      (no amulet)
HPRegen 0.24/turn                s - ring of willpower
MPRegen 0.13/turn                p - ring of wizardry

@: no status effects
A: no striking features
a: no special abilities


You were on level 5 of the Dungeon.
You visited 1 branch of the dungeon, and saw 4 of its levels.

You collected 117 gold pieces.

Inventory:

Hand Weapons
 c - a +0 hand axe (weapon)
Missiles
 d - 61 stones
Armour
 a - a +1 robe (worn)
 o - a +0 hat (worn)
Jewellery
 k - a ring of protection from cold
 p - a ring of wizardry (right hand)
 s - a ring of willpower (left hand)
Scrolls
 e - 2 scrolls of identify
 g - a scroll of amnesia
 h - a scroll of teleportation
 i - 2 scrolls of fear
 r - a scroll of magic mapping {unknown}
 t - a scroll of poison {unknown}
Potions
 b - a potion of magic
 f - a potion of invisibility {unknown}
 j - a potion of curing
 l - 2 potions of lignification
 m - a potion of berserk rage {unknown}
 n - 2 potions of mutation {unknown}
 q - 2 potions of flight


   Skills:
 + Level 3.8 Dodging
 + Level 4.1 Stealth
 + Level 4.5 Spellcasting
 + Level 2.8 Transmutations
 + Level 4.2 Earth Magic


You had 12 spell levels left.
You knew the following spells:

 Your Spells              Type           Power      Damage    Failure   Level
a - Sandblast             Erth           46%        2d11      1%          1

Your spell library contained the following spells:

 Spells                   Type           Power      Damage    Failure   Level
 Passwall                 Tmut/Erth      16%        N/A       1%          2
 Stone Arrow              Conj/Erth      28%        3d8       5%          3
 Sublimation of Blood     Necr           4%         N/A       6%          2
 Petrify                  Tmut/Erth      20%        N/A       10%         4
 Animate Armour           Summ/Erth      28%        N/A       17%         4
 Irradiate                Conj/Tmut      5%         3d13      52%         5
 Lehudib's Crystal Spear  Conj/Erth      7%         10d3      100%        8


Dungeon Overview and Level Annotations

Branches:
Dungeon (5/15)
 Temple: D:4-7

Altars:

Shops:
D:1 (*   D:2 *

Annotations:
D:5 2 transporters, AverageBear's ghost, novice OpFi


Message History

Casting: Sandblast (safe; 1% risk of failure)
Confirm with . or Enter, or press ? or * to list all spells.
Aiming: Sandblast (safe; 1% risk of failure)
Press: ? - help, Shift-Dir - straight line, f/p - iguana
Aim: an iguana (moderately wounded, 85% to hit)
The blast of sand hits the white imp.
The white imp is heavily wounded.
The white imp gestures at you. The puff of frost hits you.
* * * LOW HITPOINT WARNING * * *
The white imp misses you.
Casting: Sandblast (safe; 1% risk of failure)
Confirm with . or Enter, or press ? or * to list all spells.
Aiming: Sandblast (safe; 1% risk of failure)
Press: ? - help, Shift-Dir - straight line, f - white imp, p - iguana
Aim: a white imp (heavily wounded, 83% to hit)
Okay, then.
Sorry, you're not good enough to have a special ability.
Casting: Sandblast (safe; 1% risk of failure)
Confirm with . or Enter, or press ? or * to list all spells.
You don't know that spell.
Sorry, you're not good enough to have a special ability.
Casting: Sandblast (safe; 1% risk of failure)
Confirm with . or Enter, or press ? or * to list all spells.
Aiming: Sandblast (safe; 1% risk of failure)
Press: ? - help, Shift-Dir - straight line, f - white imp, p - iguana
Aim: a white imp (heavily wounded, 83% to hit)
The blast of sand hits the white imp!
You kill the white imp!
The quokka barely misses you.
Unknown command.
Casting: Sandblast (safe; 1% risk of failure)
Confirm with . or Enter, or press ? or * to list all spells.
Aiming: Sandblast (safe; 1% risk of failure)
Press: ? - help, Shift-Dir - straight line, f - quokka
Aim: a quokka (76% to hit)
The blast of sand hits the quokka!
You kill the quokka!
The iguana bites you!
You die...

#.....# #.###.....#
#.....# #.##.....##
......## #.#.....##
.......###.#....##
........##.'...##
........##.#..######+###
.........#.#.###.#.....#
#.>.....##.####..#..$..#
#.......##.###..@l.(.?.+
........##.##....#..)..#
........##.#.....#.....#
...........#....####+###
.......##..'...##
........##.#..##
.........#.#.##
.........#.###
...........##


You could see an iguana.

Vanquished Creatures
  A scorpion (D:5)
  A jelly (D:5)
  An iguana (D:5)
  An adder (D:2)
  5 white imps (D:5)
  2 ufetubi (D:5)
  2 worms (D:5)
  A dart slug (D:2)
  9 endoplasms
  A giant cockroach (D:2)
  A goblin (D:1)
  A hobgoblin (D:1)
  3 quokkas
  3 ball pythons (D:2)
  6 bats
  3 frilled lizards
  4 kobolds
  3 rats
48 creatures vanquished.

Vanquished Creatures (others)
  3 demonic plants (D:5)
  2 plants (D:2)
5 creatures vanquished.

Grand Total: 53 creatures vanquished

Notes
Turn   | Place    | Note
-------+----------+-------------------------------------------
     0 | D:1      | BigDaddyOpFi the Deep Elf Earth Elementalist began the
                  | quest for the Orb.
     0 | D:1      | Reached XP level 1. HP: 10/10 MP: 6/6
   142 | D:1      | Found Horymajami's Weapon Shop.
   209 | D:1      | Reached XP level 2. HP: 15/15 MP: 4/8
   241 | D:1      | Found Urgho's General Store.
   815 | D:2      | Found Etzeokh's Assorted Antiques.
  1257 | D:2      | Reached XP level 3. HP: 19/19 MP: 7/9
  1257 | D:2      | Upgraded the game from 0.30-a0-913-g9934a0ce24 to
                  | 0.30-a0-918-g0ff054e9dc
  1756 | D:3      | You fall into a shaft and drop 2 floors!
  1756 | D:5      | Entered Level 5 of the Dungeon
  1935 | D:5      | Reached XP level 4. HP: 24/24 MP: 8/11
  1963 | D:5      | Noticed AverageBear's ghost (novice OpFi)
  1964 | D:5      | Found a transporter.
  2169 | D:5      | Found a transporter.
  2215 | D:5      | Reached XP level 5. HP: 14/28 MP: 8/13
  2459 | D:5      | Slain by an iguana

Illustrated notes

Levels and vault maps discovered:
D:1:      minmay_arrival_shattered_statue, layout_rooms, serial_shops, shop,
          shop, hangedman_decor_peaks_small
D:2:      layout_basic, serial_shops, shop, minmay_misc_feat_tower,
          minmay_crystal_room, serial_bayou_pond_c, grunt_decor_one_mirror
D:3:      layout_basic, zin_academy, uniq_grinder
D:5:      layout_cave_pods, temple_hall, gammafunk_ghost_stat_death,
          serial_demonic, serial_demonic_g, serial_demonic_f, serial_demonic_e,
          serial_demonic_c, minmay_quadrilaterals

Skill      XL: |  1  2  3  4  5 |
---------------+----------------+-----
Stealth        | 3 4 |  4.1
Dodging        | 3 |  3.8
Transmutations | 2 |  2.8
Spellcasting   | 4 |  4.5
Earth Magic    | 4 |  4.2

Action                     |  1- 3 |  4- 6 || total
---------------------------+-------+-------++-------
  Melee: Hand axe          |     5 |     1 ||     6
   Cast: Sandblast         |    49 |    28 ||    77
    Use: Scroll            |     6 |     1 ||     7
         Potion            |       |     1 ||     1
 Armour: Robe              |     3 |     3 ||     6
  Dodge: Dodged            |    16 |    27 ||    43

Table legend: (Time is in decaauts)
 A = Elapsed time spent in this place.
 B = Non-inter-level travel time spent in this place.
 C = Inter-level travel time spent in this place.
 D = Time resting spent in this place.
 E = Time spent auto-exploring this place.
 F = Levels seen in this place.
 G = Mean time per level.
                   A        B        C        D        E       F      G
               +--------+--------+--------+--------+--------+-----+--------+
         Total |   2502 |   2443 |     59 |      0 |   2094 |   4 |  625.5 |
       Dungeon |   2502 |   2443 |     59 |      0 |   2094 |   4 |  625.5 |
               +--------+--------+--------+--------+--------+-----+--------+

Top non-repeatable levels by time:
     D:2: 960 daAuts
     D:1: 758 daAuts
     D:5: 719 daAuts
     D:3: 64 daAuts
